 Dungeon Crawl Stone Soup version bcrawl-1.40.3b (webtiles) character file.

Game seed: 971318754125065749

214087 foxfromabyss the Sneak (level 6, -1/51 HPs)
             Began as a Gnoll Sloth Apostle on Dec 13, 2023.
             Was a Believer of Cheibriados.
             Slain by a human zombie (4 damage)
             ... in an ossuary.
             The game lasted 00:03:13 (2755 turns).

foxfromabyss the Sneak (Gnoll Sloth Apostle)        Turns: 2755, Time: 00:03:14

Health: -1/51      AC:  4    Str: 20    XL:     6   Next: 85%
Magic:  11/11      EV: 15    Int: 19    God:    Cheibriados [**....]
Gold:   212        SH: 11    Dex: 23    Spells: 11/12 levels left

rFire    . . .     GDR:     35% t - +1 hand axe (vamp)
rCold    . . .     SeeInvis .   c - +0 medium shield
rNeg     . . .     Gourm    .   b - +0 robe
rPois    .         Faith    .   (no helmet)
rElec    .         Spirit   .   j - scarf {stasis}
rCorr    .         Reflect  .   (no gloves)
MR       .....     Clarity  +   r - +1 pair of boots
Stlth    +++++.....             (no amulet)
HPRegen  0.18/turn              (no ring)
MPRegen  0.12/turn              (no ring)

@: agile, very slow
A: distributed training, fangs 1, strong nose
a: Bend Time, Defer, Renounce Religion


You were in an ossuary.
You worshipped Cheibriados.
Cheibriados was pleased with you.
You were not hungry.

You visited 1 branch of the dungeon, and saw 4 of its levels.
You also visited: Ossuary.

You collected 212 gold pieces.

Inventory:

Hand Weapons
 a - a +0 mace
 t - a +1 vampiric hand axe (weapon)
Missiles
 g - 566 sling bullets
Armour
 b - a +0 robe (worn)
 c - a +0 medium shield (worn)
 j - a scarf of stasis (worn)
 r - a +1 pair of boots (worn)
Jewellery
 q - a cursed ring of teleportation {unknown}
Wands
 d - a wand of paralysis (8)
 s - a wand of acid (5)
 u - a wand of flame (15)
Scrolls
 f - 4 scrolls of fog {unknown}
 h - 2 scrolls of amnesia {unknown}
 i - 7 scrolls of identify
 l - a scroll of enchant weapon {unknown}
 m - a scroll of enchant armour {unknown}
 o - a scroll of immolation {unknown}
 w - a scroll of remove curse {unknown}
Potions
 n - 2 potions of agility
 p - a potion of haste {unknown}
 x - a potion of mutation {unknown}
 z - a potion of degeneration {unknown}
 A - a potion of ambrosia {unknown}
Comestibles
 e - 3 rations {!d}
 v - a chunk of flesh


   Skills:
 + Level 5.0 Fighting
 + Level 2.1 Short Blades
 + Level 2.1 Long Blades
 + Level 2.1 Axes
 + Level 5.0 Maces & Flails
 + Level 2.1 Polearms
 + Level 2.1 Staves
 + Level 2.1 Slings
 + Level 2.1 Bows
 + Level 2.1 Crossbows
 + Level 2.1 Throwing
 + Level 2.1 Armour
 + Level 2.1 Dodging
 + Level 6.9 Stealth
 + Level 5.0 Shields
 + Level 2.1 Unarmed Combat
 + Level 3.5 Spellcasting
 + Level 1.6 Conjurations
 + Level 4.1 Hexes
 + Level 1.6 Charms
 + Level 1.6 Summonings
 + Level 1.6 Necromancy
 + Level 1.6 Translocations
 + Level 1.6 Transmutations
 + Level 1.6 Fire Magic
 + Level 1.6 Ice Magic
 + Level 1.6 Air Magic
 + Level 1.6 Earth Magic
 + Level 1.6 Poison Magic
 + Level 2.3 Invocations
 + Level 3.3 Evocations


You had 11 spell levels left.
You knew the following spells:

 Your Spells              Type           Power        Failure   Level  Hunger
a - Slow                  Hex            ###.....     28%         1    None

Your spell library contained the following spells:

 Spells                   Type           Power        Failure   Level  Hunger
 Magic Dart               Conj           #...         63%         1    None
 Blink                    Tloc           N/A          77%         2    None
 Call Imp                 Summ           #.....       77%         2    None
 Searing Ray              Conj           #.......     77%         2    None
 Conjure Flame            Conj/Fire      #.......     94%         3    ####...
 Iskenderun's Mystic Bla  Conj           #.......     94%         3    ####...
 Mephitic Cloud           Conj/Pois/Air  #.......     94%         3    ####...
 Spider Form              Tmut/Pois      #..          94%         3    ####...
 Fulminant Prism          Conj/Hex       ##........   99%         4    #####..
 Irradiate                Conj/Tmut      #.........   100%        5    ######.


Dungeon Overview and Level Annotations

Branches:
Dungeon (4/12)
 Temple: D:4-7

Altars:
Ashenzari
Hepliaklqana
Okawaru

Shops:
D:4 !


Innate Abilities, Weirdness & Mutations

Your experience applies equally to all skills.
You have very sharp teeth.
Your uncanny sense of smell can sniff out nearby items.


Message History

The human zombie is severely damaged.
You slash the human zombie! You hit the human zombie. x2
The human zombie hits you.
* * * LOW HITPOINT WARNING * * *
The human zombie barely misses you. The human zombie closely misses you. x2
You closely miss the human zombie.
The human zombie is severely damaged.
You hit the human zombie.
You hit the human zombie but do no damage.
You slash the human zombie!
The human zombie hits you but does no damage.
You block the human zombie's attack. The human zombie barely misses you.
The human zombie hits you but does no damage.
You hit the human zombie.
The human zombie is severely damaged.
You hit the human zombie. x3
You destroy the human zombie!
Cheibriados appreciates the change of pace.
The human zombie misses you. The human zombie hits you.
You die...

### ###.###
##.M...##
#.......#
#.......#
#.ZZ....#
#@Z...#
###.### #'#
###.###
##.....##
#.......#
##...∩...##
+...∩∩∩...+
##...∩...##


You could see a mummy and 3 human zombies.

Vanquished Creatures
  Sigmund (D:2)
  An orc priest (D:3)
  A crimson imp (D:3)
  A human zombie (Ossuary)
  An orc wizard (D:3)
  3 gnolls (D:3)
  3 adders
  An ooze (D:3)
  3 worms
  A leopard gecko (D:1)
  14 orcs (D:3)
  4 giant cockroaches
  4 goblins
  7 hobgoblins
  2 jackals (D:2)
  2 quokkas
  2 ball pythons (D:3)
  2 bats
  6 frilled lizards
  A goblin zombie (D:4)
  A quokka zombie (D:4)
  4 rats
65 creatures vanquished.

Notes
Turn   | Place    | Note
-------+----------+-------------------------------------------
     0 | D:1      | foxfromabyss the Gnoll Sloth Apostle began the quest for
                  | the Orb.
     0 | D:1      | Reached XP level 1. HP: 20/20 MP: 4/4
   333 | D:1      | Reached XP level 2. HP: 18/26 MP: 5/5
  1099 | D:2      | Noticed Sigmund
  1112 | D:2      | Killed Sigmund
  1113 | D:2      | Reached skill level 1 in Short Blades
  1113 | D:2      | Reached skill level 1 in Long Blades
  1113 | D:2      | Reached skill level 1 in Axes
  1113 | D:2      | Reached skill level 1 in Polearms
  1113 | D:2      | Reached skill level 1 in Staves
  1113 | D:2      | Reached skill level 1 in Slings
  1113 | D:2      | Reached skill level 1 in Bows
  1113 | D:2      | Reached skill level 1 in Crossbows
  1113 | D:2      | Reached skill level 1 in Throwing
  1113 | D:2      | Reached skill level 1 in Armour
  1113 | D:2      | Reached skill level 1 in Dodging
  1113 | D:2      | Reached skill level 1 in Unarmed Combat
  1113 | D:2      | Reached skill level 1 in Conjurations
  1113 | D:2      | Reached skill level 1 in Charms
  1113 | D:2      | Reached skill level 1 in Summonings
  1113 | D:2      | Reached skill level 1 in Necromancy
  1113 | D:2      | Reached skill level 1 in Translocations
  1113 | D:2      | Reached skill level 1 in Transmutations
  1113 | D:2      | Reached skill level 1 in Fire Magic
  1113 | D:2      | Reached skill level 1 in Ice Magic
  1113 | D:2      | Reached skill level 1 in Air Magic
  1113 | D:2      | Reached skill level 1 in Earth Magic
  1113 | D:2      | Reached skill level 1 in Poison Magic
  1113 | D:2      | Reached skill level 1 in Invocations
  1113 | D:2      | Reached XP level 3. HP: 23/32 MP: 5/7
  1113 | D:2      | Reached XP level 4. HP: 27/38 MP: 5/8
  1113 | D:2      | Reached XP level 5. HP: 31/43 MP: 5/9
  1766 | D:3      | Reached XP level 6. HP: 46/50 MP: 9/11
  1767 | D:3      | Reached * piety under Cheibriados
  2037 | D:3      | Reached skill level 5 in Fighting
  2037 | D:3      | Reached skill level 5 in Maces & Flails
  2037 | D:3      | Reached skill level 5 in Shields
  2315 | D:3      | Found a shattered altar of Ashenzari.
  2541 | D:3      | Found an iron altar of Okawaru.
  2541 | D:3      | Found a hazy altar of Hepliaklqana.
  2657 | D:4      | Found Naapyn Gue's Distillery.
  2694 | D:4      | Reached ** piety under Cheibriados
  2701 | D:4      | Found a sand-covered staircase.
  2724 | Ossuary  | Entered an ossuary
  2753 | Ossuary  | HP: 2/51 [human zombie (6)]
  2755 | Ossuary  | Slain by a human zombie

Skill      XL: |  1  2  3  4  5  6 |
---------------+-------------------+-----
Short Blades   | 1 2 |  2.1
Long Blades    | 1 2 |  2.1
Axes           | 1 2 |  2.1
Polearms       | 1 2 |  2.1
Staves         | 1 2 |  2.1
Slings         | 1 2 |  2.1
Bows           | 1 2 |  2.1
Crossbows      | 1 2 |  2.1
Throwing       | 1 2 |  2.1
Armour         | 1 2 |  2.1
Dodging        | 1 2 |  2.1
Unarmed Combat | 1 2 |  2.1
Spellcasting   | 3 |  3.5
Conjurations   | 1 |  1.6
Hexes          | 4 |  4.1
Charms         | 1 |  1.6
Summonings     | 1 |  1.6
Necromancy     | 1 |  1.6
Translocations | 1 |  1.6
Transmutations | 1 |  1.6
Fire Magic     | 1 |  1.6
Ice Magic      | 1 |  1.6
Air Magic      | 1 |  1.6
Earth Magic    | 1 |  1.6
Poison Magic   | 1 |  1.6
Invocations    | 1 2 |  2.3
Evocations     | 3 |  3.3
Fighting       | 5 |  5.0
Maces & Flails | 5 |  5.0
Shields        | 5 |  5.0
Stealth        | |  6.9

Action                   |  1- 3 |  4- 6 || total
-------------------------+-------+-------++-------
Melee: Mace              |    44 |    52 ||    96
       Bite              |     3 |    19 ||    22
       Hand axe          |       |    89 ||    89
Evoke: Wand              |     2 |     2 ||     4
  Use: Potion            |       |     2 ||     2
 Stab: Sleeping          |     8 |    12 ||    20
       Paralysed         |     6 |       ||     6
       Distracted        |     1 |       ||     1
  Eat: Chunk             |     2 |     7 ||     9
       Ration            |       |     2 ||     2
Armor: Robe              |     8 |    41 ||    49
Dodge: Dodged            |     3 |    55 ||    58
Block: Medium shield     |    13 |    79 ||    92
